Map: Submarine LE

Players

Silky - Winner!

  • Race: Zerg Zerg
  • Spawn Location: 5:00

Creature

  • Race: Protoss Protoss
  • Spawn Location: 11:00

Event: The Miserable Cup

VOD

Have the link to the VOD?

Description

Time

  • Played on: June 21, 2020, 2:46 p.m.
  • Length: 3:30

All games in this series

Show
View Real Time Build Order
Export as new Build Order

Silky Zerg - Winner!

Build Orders: Hatch First 

Get SALT Encoding   

  12  0:00  Drone  
  13  0:12  Overlord  
  13  0:16  Drone  
  14  0:31  Drone x2  
  16  0:45  Drone  
  17  0:52  Hatchery  
  17  0:55  Drone  
  17  0:57  Drone  
  17  0:59  Extractor  
  17  1:13  Spawning Pool  
  17  1:17  Drone  
  17  1:21  Drone  
  18  1:27  Drone  
  19  1:38  Overlord  
  19  2:00  Queen  
  19  2:01  Zergling x4  
  23  2:03  Metabolic Boost  
  23  2:06  Zergling x2  
  24  2:08  Queen  
  24  2:12  Zergling x2  
  27  2:16  Zergling x2  
  27  2:21  Zergling x2  
  29  2:26  Zergling x2  
  30  2:34  Zergling x2  
  31  2:41  Zergling x2  
  32  2:48  Zergling x4  
  34  2:54  Hatchery  
  34  2:56  Overlord  
  32  3:08  Zergling x8  
Show
View Real Time Build Order
Export as new Build Order

Creature Protoss 

Build Orders: 1 Gate Expand 

Get SALT Encoding   

  12  0:00  Probe  
  13  0:13  Pylon  
  13  0:14  Probe  
  14  0:22  Probe  
  15  0:32  Probe  
  16  0:41  Gateway  
  16  0:44  Probe  
  16  0:49  Assimilator  
  17  0:56  Probe  
  18  1:08  Probe  
  19  1:20  Probe  
  20  1:27  Nexus  
  20  1:34  Cybernetics Core  
  20  1:38  Probe  
  21  1:44  Assimilator  
  21  1:51  Pylon  
  21  1:54  Probe  
  22  2:01  Adept  
  22  2:06  Probe  
  25  2:18  Probe  
  25  2:22  Stalker  
  26  2:23  Twilight Council  
  26  2:30  Probe  
  26  2:35  Probe  
  29  2:42  Probe  
  29  2:43  Probe  
  32  2:54  Robotics Facility, Probe x2  
  34  3:08  Probe  
Tags
 
Add a new tag
Caveats
  • Supply blocks, unpowered buildings, or Contaminate may cause inaccurate times.
  • Supply counts are checked every 10 seconds.